 Dungeon Crawl Stone Soup version 0.19.1-1-g22dce08 (webtiles) character file.

195820 M4edhros the Peltast (level 18, -3/116 HPs)
             Began as an Octopode Artificer on Dec 31, 2016.
             Was an Initiate of Gozag.
             Slain by a black mamba (15 damage)
             ... on level 2 of the Snake Pit on Jan 1, 2017.
             The game lasted 02:02:32 (81682 turns).

M4edhros the Peltast (Octopode Artificer)          Turns: 81682, Time: 02:02:33

Health: -3/116     AC:  6    Str: 25    XL:     18   Next: 35%
Magic:  30/30      EV: 25    Int: 17    God:    Gozag
Gold:   1808       SH: 19    Dex: 16    Spells: 9 memorised, 7 levels left

rFire  + . .     SeeInvis .     o - +8 lightning rod (5/17)
rCold  + + .     Gourm    .     w - +0 shield
rNeg   + . .     Faith    .     G - +0 hat {MR+}
rPois  +         Spirit   .     U - amulet of regeneration
rElec  +         Reflect  .     m - ring of positive energy
rCorr  .         Harm     .     f - ring "Zuwum" {Wiz Str+2}
MR     +++..     Clarity  +     a - +3 ring of protection
Stlth  +++.......               L - +2 ring of evasion
                                C - ring of the Crushed Songs {+Fly rF+ Str+8 Dex-2 Stlth-}
                                S - ring "Marphaat" {*Slow rPois rC+ Int+3}
                                i - ring of protection from magic
                                A - +4 ring of strength

@: gold aura
A: almost no armour, stealthy swim, amphibious, 8 rings, constrict 8, large bone
plates 1, thin metallic scales 1, camouflage 1, clarity, cold resistance 1,
dopey 1, mutation resistance 2, screaming 1, electricity resistance, gelatinous
body 1
a: Potion Petition, Call Merchant, Bribe Branch, Renounce Religion, Evoke Flight
}: 1/15 runes: barnacled


You were on level 2 of the Snake Pit.
You worshipped Gozag.
Gozag was most pleased with you.
You were not hungry.

You visited 6 branches of the dungeon, and saw 30 of its levels.
You also visited: Labyrinth and Ice Cave.

You collected 11964 gold pieces.
You spent 3415 gold pieces at shops.
You paid 6741 gold pieces to Gozag.

Inventory:

Hand Weapons
 b - the +9 spear of Jemaanaa {venom, rElec rC- MP+9}
   (You found it in a labyrinth)

   It poisons the flesh of those it strikes.
   It makes you vulnerable to cold.
   It insulates you from electricity.
   It affects your magic capacity (+9).
 v - a +3 fustibalus
 F - the +8 dagger "Luphe Eps" {chaos, Str+7 Int-5}
   (Xom gifted it to you in the Ecumenical Temple)

   Each time it hits an enemy it has a different, random effect.
   It affects your strength (+7).
   It affects your intelligence (-5).
 M - the +1 hunting sling of the Spheres {venom, Dex+9}
   (You found it on level 6 of the Dungeon)

   It poisons the ammo it fires.
   It affects your dexterity (+9).
Missiles
 t - 559 stones
 E - 155 sling bullets
Armour
 w - a +0 shield (worn)
 G - a +0 hat of magic resistance (worn)
Rods
 k - a +6 lightning rod (17/17)
   (You bought it in a shop on level 1 of the Orcish Mines)
 o - a +8 lightning rod (5/17) (in tentacle)
   (You found it in a labyrinth)
Jewellery
 a - a +3 ring of protection (on tentacle)
 f - the ring "Zuwum" (right tentacle) {Wiz Str+2}
   (You took it off a merfolk on level 4 of the Shoals)

   [ring of wizardry]

   It improves your spell success rate.
   It affects your strength (+2).
 i - a ring of protection from magic (on tentacle)
 m - a ring of positive energy (left tentacle)
 A - a +4 ring of strength (on tentacle)
 C - the ring of the Crushed Songs (on tentacle) {+Fly rF+ Str+8 Dex-2 Stlth-}
   (Xom gifted it to you in the Ecumenical Temple)

   [ring of protection from fire]

   It affects your strength (+8).
   It affects your dexterity (-2).
   It protects you from fire.
   It lets you fly.
   It makes you less stealthy.
 L - a +2 ring of evasion (on tentacle)
 S - the ring "Marphaat" (on tentacle) {*Slow rPois rC+ Int+3}
   (You found it in a labyrinth)

   [ring of poison resistance]

   It affects your intelligence (+3).
   It protects you from cold.
   It protects you from poison.
   It may slow you when you take damage.
 U - an amulet of regeneration (around mantle)
 W - an uncursed ring of protection from cold
Wands
 c - a wand of teleportation (6/9)
 d - a wand of confusion (12/48)
 e - a wand of paralysis (10/24) (quivered)
 g - a wand of slowing (29/48)
 r - a wand of paralysis (4/24)
 x - a wand of iceblast (3/15)
 D - a wand of digging (12/24)
 I - a wand of polymorph (16/24)
 O - a wand of paralysis (3/24)
 V - a wand of confusion (37/48)
 X - a wand of confusion (25/48)
Scrolls
 j - 10 scrolls of teleportation
 l - 5 scrolls of immolation
 q - 2 scrolls of blinking
 s - 3 scrolls of fog
 y - 4 scrolls of identify
 P - 4 scrolls of fear
Potions
 h - a potion of haste
 n - 3 potions of resistance
 u - 2 potions of magic
 z - 2 potions of might
 J - 10 potions of curing
 K - 2 potions of heal wounds
 Q - 2 potions of cancellation
 T - a potion of agility
 Z - 5 potions of lignification
Miscellaneous
 p - a phantom mirror
 N - a fan of gales
 Y - a lamp of fire
Comestibles
 B - a bread ration
 H - 27 fruits


   Skills:
 + Level 7.9 Fighting
 - Level 1.0 Short Blades
 - Level 12.2 Slings
 + Level 12.9 Dodging
 - Level 6.5 Stealth
 * Level 16.3 Shields
 - Level 8.3 Spellcasting
 - Level 6.8 Charms
 + Level 1.9 Summonings
 - Level 6.5 Necromancy
 + Level 2.6 Translocations
 - Level 6.0 Air Magic
 - Level 15.2 Evocations


You had 7 spell levels left.
You knew the following spells:

 Your Spells              Type           Power        Failure   Level  Hunger
a - Repel Missiles        Chrm/Air       ####..       1%          2    None
b - Ozocubu's Armour      Chrm/Ice       ###.....     4%          3    #......
c - Dazzling Spray        Conj/Hex       #.....       12%         3    #......
d - Apportation           Tloc           ###.......   1%          1    None
e - Regeneration          Chrm/Necr      ####......   1%          3    #......
f - Gell's Gravitas       Hex/Tloc       ##........   9%          3    #......
g - Summon Forest         Summ/Tloc      ##........   67%         5    #####..
h - Mephitic Cloud        Conj/Pois/Air  ##......     6%          3    #......
i - Conjure Flame         Conj/Fire      #.......     12%         3    #......


Dungeon Overview and Level Annotations

Branches:
Dungeon (15/15)            Temple (1/1) D:6            Lair (6/6) D:9
 Shoals (4/4) Lair:4        Snake (2/4) Lair:2          Orc (2/2) D:9
    Elf (0/3) Orc:2        Vaults (0/5) D:14         Depths (0/5) D:15
  Slime: Lair:5-6

Altars:
Ashenzari
Cheibriados
Dithmenos
Elyvilon
Fedhas
Gozag
Hepliaklqana
Kikubaaqudgha
Makhleb
Nemelex Xobeh
Okawaru
Qazlal
Ru
Sif Muna
Trog
Uskayaw
Vehumet
Xom
Yredelemnul
Zin
The Shining One
Beogh
Lugonu

Shops:
D:4 [   D:6 %=*!*(   D:9 %   Orc:1 }}==   Orc:2 *[(:   Shoals:1 }*

Annotations:
Lair:5 exclusion: 3 oklob plants
Shoals:2 exclusion: oklob plant
Shoals:4 dricus's ghost, adept MiFi


Innate Abilities, Weirdness & Mutations

You cannot wear most types of armour.
You are very stealthy in the water. (Stealth+)
You are amphibious.
You can wear up to eight rings at the same time.
You can use your tentacles to constrict eight enemies at once.
Your skin changes colour to match your surroundings (Stealth+).
Your rubbery body absorbs attacks. (AC +1, EV +1)
You are partially covered in large bone plates. (SH +4)
You are partially covered in thin metallic scales. (AC +2)
You possess an exceptional clarity of mind.
Your flesh is cold resistant. (rC+)
You are dopey. (Int -2)
You are somewhat resistant to both further mutation and mutation removal.
You occasionally shout uncontrollably at your foes.
You are resistant to electric shocks. (rElec)


Message History

The lightning hits the naga warrior.
The naga warrior is severely wounded.
You hear an angry hiss.
You hear a shout!
The black mamba closely misses you. The naga warrior closely misses you.
Unknown command.
Unknown command.
Unknown command.
Aiming: Thunderbolt
Press: ? - help, Shift-Dir - straight line, f/p - naga warrior
Aim: a naga warrior, wielding a trident and wearing a robe (severely wounded, fast)
The lightning hits the black mamba.
The black mamba is almost dead.
The lightning misses the naga warrior.
You hear a shout! x2
You block the black mamba's attack.
The naga warrior hits you from afar with a trident!!
* * * LOW HITPOINT WARNING * * *
The black mamba bites you!
You die...
Your body crumbles into a pile of gold.

#...# #...#
#..# ##..#
#... #..# #..
#..# #.. #..#
#.# ##.# #.#
#.###.#
#^@#..#
###S.## ##
##N.# #...
#.#$# .....
##.##......
#.S........
#.......S..##
#.........N#
#...........N#


You could see a naga warrior and a black mamba.

Vanquished Creatures
  The ghost of dondy the Impregnable, an adept HaHu of Okawaru (Shoals:4)
  Polyphemus (Shoals:3)
  2 krakens
  Ilsuiw (Shoals:4)
  A stone giant (Orc:2)
  A dire elephant (Shoals:4)
  Snorg (D:12)
  6 merfolk javelineers
  The ghost of Pytinka the Cleaver, a journeyman MiFi of Xom (Orc:1)
  2 blizzard demons (IceCv)
  A minotaur (Lab)
  A fire dragon (D:15)
  7 merfolk impalers
  The ghost of M4edhros the Severer, a journeyman MiBe of Trog (Orc:2)
  A vault guard (D:14)
  7 hydras
  An ice dragon (D:15)
  3 centaur warriors
  A death knight (D:14)
  2 anacondas (Snake:1)
  An alligator snapping turtle (Shoals:4)
  4 catoblepae
  2 merfolk avatars
  4 merfolk aquamancers
  3 ogre magi
  A satyr (Shoals:4)
  A queen ant (D:8)
  18 death yaks
  Urug (Lair:5)
  Nergalle (Lair:4)
  2 fire crabs
  3 skeletal warriors (D:15)
  13 sea snakes
  A deep troll (Orc:2)
  4 unseen horrors
  A deep elf archer (Orc:2)
  A wizard (D:14)
  6 hill giants
  2 mana vipers (Snake:1)
  A necromancer (Lair:3)
  15 harpies
  6 ugly things
  9 cyclopes
  2 deep elf magi
  20 manticores
  11 fauns
  4 elephants (Lair:6)
  3 water nymphs
  10 sirens
  4 naga magi
  16 black mambas
  2 guardian serpents
  3 rime drakes
  11 spiny frogs
  A molten gargoyle (D:11)
  A rime drake (shapeshifter) (D:14)
  5 anaconda simulacra (IceCv)
  2 efreet (D:14)
  12 komodo dragons
  2 golden dragon simulacra (IceCv)
  2 yaktaurs
  3 freezing wraiths
  6 ice devils (IceCv)
  A polar bear (Lair:4)
  33 merfolk
  12 trolls
  5 wind drakes
  11 two-headed ogres
  11 hippogriffs
  A wolf spider simulacrum (IceCv)
  11 slime creatures
  11 dream sheep
  18 blink frogs
  5 snapping turtles
  2 redbacks (Lab)
  5 wraiths
  2 dire elephant simulacra (IceCv)
  8 water elementals
  64 yaks
  A vampire (D:14)
  2 wyverns
  The ghost of alp the Covert, an amateur SpEn of Dithmenos (D:5)
  21 humans (D:14)
  A fire bat (shapeshifter) (D:7)
  Grum (D:10)
  4 hungry ghosts
  5 basilisks
  3 death yak simulacra (IceCv)
  2 vampire mosquitoes (D:13)
  9 soldier ants (D:8)
  3 wargs
  3 mottled dragons
  3 harpy simulacra (IceCv)
  9 nagas
  2 hydra simulacra (IceCv)
  22 water moccasins
  4 porcupines
  10 orc warriors
  A black bear (Lair:2)
  An ettin simulacrum (IceCv)
  A swamp drake (Lair:6)
  5 ice beasts
  2 phantoms
  2 sky beasts
  26 ogres
  2 necrophages
  7 wolves
  14 centaurs
  17 crocodiles
  The ghost of M4edhros the Sneak, an amateur OpAr (D:3)
  3 big kobolds
  A wyvern zombie (D:13)
  17 bullfrogs
  2 scorpions
  A water moccasin skeleton (D:9)
  3 killer bees (D:10)
  21 wights
  A howler monkey (D:11)
  An electric eel (D:14)
  6 crimson imps
  4 lava snakes (D:11)
  3 centaur zombies
  Crazy Yiuf (D:5)
  8 hounds
  6 jellies
  12 orc priests
  6 centaur skeletons
  17 orc wizards
  2 bullfrog skeletons
  8 iguanas
  21 worker ants
  2 yak simulacra (Lair:3)
  6 polar bear simulacra
  2 troll simulacra (IceCv)
  A killer bee zombie (D:9)
  2 wolf simulacra (Lair:3)
  A hound zombie (D:11)
  A howler monkey zombie (D:9)
  3 worker ant zombies
  14 adders
  7 gnolls
  A naga simulacrum (IceCv)
  3 ogre simulacra (IceCv)
  3 shadow imps
  10 white imps (IceCv)
  5 ufetubi (IceCv)
  6 oozes
  An adder skeleton (D:4)
  A worm (D:4)
  A dart slug (D:1)
  3 leopard geckos
  95 orcs
  A ball python (D:2)
  7 bats
  4 giant cockroaches
  A goblin (D:1)
  8 hobgoblins
  2 jackals (D:11)
  3 quokkas
  3 frilled lizards
  A giant cockroach zombie (D:3)
  16 kobolds
  A leopard gecko zombie (D:6)
  4 rats
  4 river rat simulacra (Lair:3)
  2 bushes (Lair:5)
  3 fungi
  10 plants
  A tentacle (Shoals:4)
1030 creatures vanquished.

Vanquished Creatures (collateral kills)
  An orc sorcerer (Orc:2)
  A yaktaur (Orc:2)
  2 trolls (Orc:2)
  A two-headed ogre (Orc:2)
  A hungry ghost (Lab)
  6 ogres (Orc:2)
  2 worker ants (D:8)
14 creatures vanquished.

Vanquished Creatures (others)
  An eldritch tentacle (D:11)
  Fannar (D:10)
  A dancing weapon (Orc:2)
  A deep troll (Orc:2)
  A harpy (Shoals:2)
  A salamander (Snake:1)
  A black mamba (Lair:5)
  A merfolk (Shoals:4)
  A hungry ghost (Lab)
  An ogre (D:6)
  A scorpion (D:6)
  2 wights (D:15)
  2 orcs
  24 fungi
  29 plants
  53 tentacles
121 creatures vanquished.

Grand Total: 1165 creatures vanquished

Notes
Turn   | Place    | Note
-------+----------+-------------------------------------------
     0 | D:1      | M4edhros the Octopode Artificer began the quest for the Orb.
     0 | D:1      | Reached XP level 1. HP: 13/13 MP: 3/3
   125 | D:1      | Reached XP level 2. HP: 9/18 MP: 4/4
   647 | D:2      | Reached XP level 3. HP: 20/23 MP: 5/5
   700 | D:2      | Found a radiant altar of Vehumet.
  1090 | D:3      | Reached XP level 4. HP: 28/28 MP: 7/7
  1188 | D:3      | Noticed M4edhros's ghost (amateur OpAr)
  1193 | D:3      | Killed M4edhros's ghost
  1193 | D:3      | Reached skill level 5 in Stealth
  1193 | D:3      | Reached XP level 5. HP: 33/33 MP: 8/8
  1501 | D:3      | Found a deep blue altar of Sif Muna.
  1609 | D:4      | Reached skill level 5 in Evocations
  1763 | D:4      | Reached XP level 6. HP: 23/38 MP: 8/10
  1816 | D:4      | Found Zaggu's Armour Shop.
  2080 | D:4      | Bought a +0 shield for 45 gold pieces
  2275 | D:4      | Reached skill level 1 in Shields
  2652 | D:4      | Found an iron altar of Okawaru.
  2677 | D:4      | Found a sacrificial altar of Ru.
  2844 | D:5      | Entered Level 5 of the Dungeon
  2909 | D:5      | Reached XP level 7. HP: 43/43 MP: 11/11
  3019 | D:5      | Found a sparkling altar of Nemelex Xobeh.
  3125 | D:5      | Found a runed door.
  3259 | D:5      | Reached skill level 2 in Shields
  3322 | D:5      | Noticed alp's ghost (amateur SpEn)
  3370 | D:5      | Killed alp's ghost
  3370 | D:5      | Reached skill level 3 in Shields
  3433 | D:5      | Found a shadowy altar of Dithmenos.
  3512 | D:5      | Reached XP level 8. HP: 9/48 MP: 13/13
  3520 | D:5      | Gained mutation: One of your tentacles bears a spike. [mutagenic meat]
  3521 | D:5      | Gained mutation: Scrolls take you a little longer to read. [mutagenic meat]
  3522 | D:5      | Gained mutation: Your muscles are strong. (Str +2) [mutagenic meat]
  4109 | D:5      | Noticed Crazy Yiuf
  4115 | D:5      | Killed Crazy Yiuf
  4199 | D:6      | Found a staircase to the Ecumenical Temple.
  4207 | Temple   | Entered the Ecumenical Temple
  4242 | Temple   | Became a worshipper of Gozag Ym Sagoz the Greedy
  4281 | D:6      | Found a hazy altar of Hepliaklqana.
  4284 | D:6      | Got a slimy hunting sling
  4286 | D:6      | Identified the +1 hunting sling of the Spheres {venom, Dex+9} (You found it on level 6 of the Dungeon)
  4301 | D:6      | Reached skill level 4 in Shields
  4312 | D:6      | Reached skill level 1 in Slings
  4325 | D:6      | Found a shimmering altar of Xom.
  4346 | D:6      | Fell from the grace of Gozag
  4346 | D:6      | Became a worshipper of Xom of Many Doors
  4456 | Temple   | XOM: harmless Erth miscast
  4674 | Temple   | XOM: 2-stop teleportation journey
  4851 | Temple   | XOM: god gift: 7 arrows
  4930 | Temple   | XOM is BORED!
  5514 | Temple   | XOM: give mutations
  5514 | Temple   | Gained mutation: One of your tentacles bears a nasty spike. [Xom's grace]
  5514 | Temple   | Gained mutation: Your muscles are very strong. (Str +4) [Xom's grace]
  5833 | Temple   | XOM: scenery: create altars
  6044 | Temple   | XOM: god gift: warped marble ring {god gift}
  6045 | Temple   | Got a warped marble ring {god gift}
  6046 | Temple   | Identified the ring of the Crushed Songs {+Fly rF+ Str+8 Dex-2 Stlth-} (Xom gifted it to you in the Ecumenical Temple)
  6231 | Temple   | XOM: god gift: ancient triple crossbow {god gift}
  6232 | Temple   | Got an ancient triple crossbow {god gift}
  6238 | Temple   | Identified the +1 triple crossbow "Jomomm" {chaos, rElec Str+4 Dex+4} (Xom gifted it to you in the Ecumenical Temple)
  6539 | Temple   | XOM: god gift: warped dagger {god gift}
  6540 | Temple   | Got a warped dagger {god gift}
  6541 | Temple   | Identified the +8 dagger "Luphe Eps" {chaos, Str+7 Int-5} (Xom gifted it to you in the Ecumenical Temple)
  7459 | Temple   | XOM: 8-stop teleportation journey
  8468 | Temple   | XOM: divination: detect items
  8718 | Temple   | XOM: give mutation
  8718 | Temple   | Gained mutation: You possess an exceptional clarity of mind. [Xom's grace]
  9061 | Temple   | XOM: cloud trail
  9516 | Temple   | XOM: 2-stop teleportation journey
  9773 | Temple   | XOM: mild Divn miscast
  9801 | Temple   | XOM is BORED!
  9838 | Temple   | XOM: scenery: create altars
  9988 | Temple   | XOM: cast spell 'Necromutation'
 10496 | Temple   | XOM: god gift: 30 stones
 10497 | Temple   | XOM: god gift: 15 sling bullets
 10573 | Temple   | XOM: give mutations
 10573 | Temple   | Gained mutation: You are somewhat resistant to further mutation. [Xom's grace]
 10573 | Temple   | Gained mutation: You are robust. (+10% HP) [Xom's grace]
 10706 | Temple   | XOM: mild Fire miscast
 10944 | Temple   | XOM: mild Fire miscast
 11557 | Temple   | XOM: mild Necr miscast
 11852 | Temple   | XOM: mild Necr miscast
 12842 | Temple   | XOM is BORED!
 12842 | Temple   | XOM: medium Necr miscast
 13643 | Temple   | Fell from the grace of Xom
 13643 | Temple   | Became a worshipper of Gozag Ym Sagoz the Greedy
 13664 | D:6      | Found a shattered altar of Ashenzari.
 13676 | D:6      | Found Fenkuhyme's Distillery.
 13702 | D:6      | Found Fulofiv's Assorted Antiques.
 13719 | D:6      | Found Naxkox's Antique Weapon Boutique.
 13738 | D:6      | Reached skill level 5 in Dodging
 13824 | D:6      | Found a stormy altar of Qazlal.
 13838 | D:6      | Found a blossoming altar of Fedhas.
 13841 | D:6      | Found a bloodstained altar of Trog.
 13844 | D:6      | Found a snail-covered altar of Cheibriados.
 13931 | D:6      | Found Mozaruf's Food Boutique.
 13941 | D:6      | Reached XP level 9. HP: 17/58 MP: 14/14
 14073 | D:6      | Found Mogoe's Assorted Antiques.
 14605 | D:2      | XOM: give mutation
 14605 | D:2      | Lost mutation: Scrolls take you a little longer to read. [Xom's mischief]
 14776 | D:2      | XOM: summons 5 hostile demons
 14817 | D:2      | XOM: scenery: create altars
 15462 | D:3      | XOM: torment (33/58 hp)
 15779 | D:5      | XOM: mild Air miscast
 15877 | D:7      | XOM: polymorph orc -> rat
 15924 | D:7      | XOM: severe Tmut miscast
 15939 | D:7      | Reached skill level 5 in Shields
 16220 | D:7      | XOM: enchant monster (bad)
 16296 | D:7      | Found a runed door.
 16360 | D:7      | Reached skill level 5 in Slings
 16545 | D:7      | Found a roughly hewn altar of Beogh.
 16599 | D:8      | Noticed a queen ant
 16640 | D:8      | Reached XP level 10. HP: 31/71 MP: 15/15
 16660 | D:8      | Killed a queen ant
 16660 | D:8      | Reached skill level 6 in Shields
 16665 | D:8      | Reached skill level 5 in Fighting
 16689 | D:8      | XOM: potion effect (brilliance)
 16732 | D:8      | XOM: give mutation
 16732 | D:8      | Gained mutation: You are clumsy. (Dex -2) [Xom's mischief]
 17032 | D:8      | XOM: give mutations
 17032 | D:8      | Lost mutation: You are clumsy. (Dex -2) [Xom's mischief]
 17032 | D:8      | Lost mutation: Your muscles are very strong. (Str +4) [Xom's mischief]
 17032 | D:8      | Lost mutation: You are robust. (+10% HP) [Xom's mischief]
 17079 | D:8      | Found a white marble altar of Elyvilon.
 17262 | D:8      | XOM: medium Tmut miscast
 17465 | D:8      | XOM: medium Divn miscast
 17590 | D:8      | Found a burning altar of Makhleb.
 17828 | D:9      | Found a staircase to the Orcish Mines.
 17930 | D:9      | Reached skill level 7 in Shields
 17986 | D:9      | Reached XP level 11. HP: 52/72 MP: 16/16
 18362 | D:9      | Killed an unseen horror
 18432 | D:9      | Found a staircase to the Lair.
 18556 | D:10     | Entered Level 10 of the Dungeon
 18556 | D:10     | Noticed Grum
 18712 | D:10     | Killed an unseen horror
 18756 | D:10     | Killed Grum
 18768 | D:10     | XOM: stat loss: -3 Str (18/21)
 18983 | D:10     | XOM: stat loss: -3 Int (12/15)
 19089 | D:10     | XOM: give mutations
 19089 | D:10     | Gained mutation: Your muscles are very strong. (Str +4) [Xom's grace]
 19089 | D:10     | Gained mutation: You are resistant to hostile enchantments. (MR+) [Xom's grace]
 19172 | D:10     | Noticed Fannar
 19210 | D:10     | Found an iron altar of Okawaru.
 19326 | D:10     | Killed Fannar
 19326 | D:10     | Reached skill level 8 in Shields
 19366 | D:10     | XOM: severe Tloc miscast
 19503 | D:6      | XOM: torment (18/75 hp)
 19505 | D:6      | Bought a bread ration for 65 gold pieces
 19505 | D:6      | Bought a bread ration for 65 gold pieces
 19505 | D:6      | Bought a meat ration for 65 gold pieces
 19505 | D:6      | Bought a meat ration for 65 gold pieces
 19505 | D:6      | Bought a bread ration for 65 gold pieces
 19505 | D:6      | Bought a meat ration for 65 gold pieces
 19505 | D:6      | Bought a bread ration for 65 gold pieces
 19765 | D:11     | Noticed a hill giant
 19815 | D:9      | XOM: severe Hex miscast
 19828 | Orc:1    | Entered Level 1 of the Orcish Mines
 19874 | D:9      | Bought a meat ration for 50 gold pieces
 19874 | D:9      | Bought a bread ration for 50 gold pieces
 19874 | D:9      | Bought a meat ration for 50 gold pieces
 19874 | D:9      | Bought a bread ration for 50 gold pieces
 19874 | D:9      | Bought a bread ration for 50 gold pieces
 19874 | D:9      | Bought a bread ration for 50 gold pieces
 19874 | D:9      | Bought a bread ration for 50 gold pieces
 19963 | Temple   | Fell from the grace of Gozag
 19963 | Temple   | Became a worshipper of Xom of Chaos
 20118 | Temple   | XOM: silly message
 20436 | Temple   | XOM: mild Chrm miscast
 21588 | Temple   | XOM: 6-stop teleportation journey
 22695 | Temple   | XOM is BORED!
 22695 | Temple   | XOM: stat loss: -2 Str (26/30)
 23209 | Temple   | XOM: scenery: create altars
 24167 | Temple   | XOM is BORED!
 24167 | Temple   | XOM: mild Conj miscast
 24207 | Temple   | XOM: give mutation
 24207 | Temple   | Lost mutation: Your muscles are very strong. (Str +4) [Xom's mischief]
 24319 | Temple   | XOM: give mutation
 24319 | Temple   | Gained mutation: You are dopey. (Int -2) [Xom's mischief]
 24762 | Temple   | XOM: mild Pois miscast
 24856 | Temple   | XOM: medium Fire miscast
 25497 | Temple   | XOM: give mutations
 25497 | Temple   | Gained mutation: You are partially covered in thin metallic scales. (AC +2) [Xom's grace]
 25497 | Temple   | Gained mutation: Your flesh is cold resistant. (rC+) [Xom's grace]
 25497 | Temple   | Gained mutation: You have an increased reservoir of magic. (+10% MP) [Xom's grace]
 25497 | Temple   | Gained mutation: You passively map a small area around you. [Xom's grace]
 26194 | Temple   | XOM: 4-stop teleportation journey
 26541 | Temple   | XOM: noise
 26687 | Temple   | XOM is BORED!
 26687 | Temple   | XOM: medium Fire miscast
 27012 | Temple   | XOM: cloud trail
 27762 | Temple   | XOM is BORED!
 27870 | Temple   | XOM: scenery: create altars
 28291 | Temple   | XOM: give mutations
 28291 | Temple   | Gained mutation: You are resistant to electric shocks. (rElec) [Xom's grace]
 28291 | Temple   | Gained mutation: Your system is resistant to poisons. (rPois) [Xom's grace]
 29354 | Temple   | XOM: medium Tmut miscast
 29739 | Temple   | XOM: give mutations
 29739 | Temple   | Gained mutation: You are somewhat resistant to both further mutation and mutation removal. [Xom's grace]
 29739 | Temple   | Gained mutation: You have a pair of small antennae on your head. [Xom's grace]
 29739 | Temple   | Gained mutation: Your spells are a little harder to cast, but a little more powerful. [Xom's grace]
 29739 | Temple   | Gained mutation: You are partially covered in large bone plates. (SH +4) [Xom's grace]
 29822 | Temple   | XOM: cloud trail
 30066 | Temple   | XOM: noise
 30162 | Temple   | XOM: noise
 30493 | Temple   | XOM: divination: detect creatures
 30526 | Temple   | XOM: noise
 30909 | Temple   | XOM: silly message
 31069 | Temple   | XOM: god gift: 3 meat rations
 31268 | Temple   | XOM: divination: magic mapping
 31601 | Temple   | XOM: god gift: 13 bolts
 32131 | Temple   | XOM is BORED!
 32971 | Temple   | XOM: cloud trail
 33150 | Temple   | XOM: 4-stop teleportation journey
 33716 | Temple   | XOM is BORED!
 33716 | Temple   | XOM: torment (43/75 hp)
 34223 | Temple   | XOM: silly message
 34939 | Temple   | XOM: mild Necr miscast
 35096 | Temple   | XOM: god gift: 15 gold pieces
 35422 | Temple   | XOM: cloud trail
 35639 | Temple   | XOM is BORED!
 35639 | Temple   | XOM: stat loss: -1 Dex (12/13)
 35663 | Temple   | XOM: torment (43/75 hp)
 36117 | Temple   | XOM: harmless Tloc miscast
 36221 | Temple   | XOM: medium Ice miscast
 36340 | Temple   | XOM: mild Air miscast
 36735 | Temple   | XOM: god gift: 38 gold pieces
 37274 | Temple   | XOM is BORED!
 37274 | Temple   | XOM: summons 5 hostile demons
 37571 | Temple   | XOM: give mutations
 37571 | Temple   | Gained mutation: Your spells are harder to cast, but more powerful. [Xom's grace]
 37571 | Temple   | Gained mutation: You are agile. (Dex +2) [Xom's grace]
 37571 | Temple   | Gained mutation: You passively map the area around you. [Xom's grace]
 37571 | Temple   | Gained mutation: Your flesh is very cold resistant. (rC++) [Xom's grace]
 37573 | Temple   | XOM: cloud trail
 38164 | Temple   | XOM: scenery: create altars
 38362 | Temple   | XOM: stat loss: -1 Str (23/28)
 38690 | Temple   | XOM: 1-stop teleportation journey
 38758 | Temple   | XOM: give mutations
 38758 | Temple   | Lost mutation: Your flesh is very cold resistant. (rC++) [Xom's mischief]
 38758 | Temple   | Lost mutation: One of your tentacles bears a nasty spike. [Xom's mischief]
 38758 | Temple   | Lost mutation: You have a pair of small antennae on your head. [Xom's mischief]
 38758 | Temple   | Lost mutation: You have an increased reservoir of magic. (+10% MP) [Xom's mischief]
 39174 | Temple   | XOM: summons 5 hostile demons
 39677 | Temple   | XOM: 2-stop teleportation journey
 39794 | Temple   | XOM: mild Tmut miscast
 40417 | Temple   | XOM: give mutations
 40417 | Temple   | Lost mutation: Your spells are harder to cast, but more powerful. [Xom's mischief]
 40417 | Temple   | Lost mutation: You are dopey. (Int -2) [Xom's mischief]
 40433 | Temple   | XOM: 4-stop teleportation journey
 40540 | Temple   | XOM is BORED!
 40805 | Temple   | XOM: harmless Hex miscast
 41485 | Temple   | XOM: 2-stop teleportation journey
 43111 | Temple   | XOM: mild Chrm miscast
 43285 | Temple   | XOM: medium Tloc miscast
 44539 | Temple   | XOM: stat loss: -1 Dex (13/15)
 44768 | Temple   | XOM: cloud trail
 44970 | Temple   | XOM: medium Divn miscast
 45359 | Temple   | XOM: silly message
 46202 | Temple   | XOM: harmless Conj miscast
 46818 | Temple   | XOM: harmless Hex miscast
 46881 | Temple   | XOM: cast spell 'Necromutation'
 47108 | Temple   | XOM is BORED!
 47108 | Temple   | XOM: medium Chrm miscast
 47599 | Temple   | XOM: 3-stop teleportation journey
 49326 | Temple   | XOM: mild Air miscast
 50036 | Temple   | XOM: summons 5 hostile demons
 51016 | Temple   | XOM: 8-stop teleportation journey
 51104 | Temple   | XOM: noise
 51219 | Temple   | XOM: noise
 51245 | Temple   | XOM: medium Tmut miscast
 52053 | Orc:2    | XOM: noise
 52053 | Orc:2    | Entered Level 2 of the Orcish Mines
 52056 | Orc:2    | Noticed a stone giant
 52059 | Orc:1    | Noticed Pytinka's ghost (journeyman MiFi)
 52078 | Orc:1    | Killed Pytinka's ghost
 52117 | Orc:2    | Found a labyrinth entrance.
 52126 | Lab      | Entered a labyrinth
 52177 | Lab      | XOM: medium Hex miscast
 52207 | Lab      | XOM: harmless Ice miscast
 52264 | Lab      | XOM: give mutations
 52264 | Lab      | Lost mutation: You are resistant to hostile enchantments. (MR+) [Xom's mischief]
 52264 | Lab      | Lost mutation: You passively map the area around you. [Xom's mischief]
 52264 | Lab      | Lost mutation: You are agile. (Dex +2) [Xom's mischief]
 52264 | Lab      | Lost mutation: Your spells are a little harder to cast, but a little more powerful. [Xom's mischief]
 52266 | Lab      | Reached skill level 10 in Slings
 52274 | Lab      | Got a flickering copper ring
 52275 | Lab      | Identified the ring "Marphaat" {*Slow rPois rC+ Int+3} (You found it in a labyrinth)
 52812 | Lab      | Noticed a minotaur
 52819 | Lab      | Killed a minotaur
 52819 | Lab      | Reached XP level 12. HP: 81/81 MP: 17/17
 52833 | Lab      | Got a brightly glowing spear
 52835 | Lab      | Identified the +9 spear of Jemaanaa {venom, rElec rC- MP+9} (You found it in a labyrinth)
 52854 | Orc:2    | XOM: repel stairs
 52857 | Orc:2    | XOM: polymorph troll -> yaktaur
 52892 | Orc:2    | Killed a stone giant
 53400 | Orc:2    | Noticed M4edhros's ghost (journeyman MiBe)
 53513 | Temple   | Fell from the grace of Xom
 53513 | Temple   | Became a worshipper of Gozag Ym Sagoz the Greedy
 53612 | Lair:1   | Entered Level 1 of the Lair of Beasts
 54053 | Lair:1   | XOM: give mutations
 54053 | Lair:1   | Gained mutation: You are dopey. (Int -2) [Xom's mischief]
 54053 | Lair:1   | Gained mutation: You occasionally shout uncontrollably at your foes. [Xom's mischief]
 54053 | Lair:1   | Gained mutation: Scrolls take you a little longer to read. [Xom's mischief]
 54053 | Lair:1   | Lost mutation: You passively map a small area around you. [Xom's mischief]
 54507 | Lair:1   | XOM: medium Conj miscast
 54574 | Lair:2   | Noticed a four-headed hydra
 54578 | Lair:2   | Killed a four-headed hydra
 54665 | Lair:2   | Reached skill level 9 in Shields
 54957 | Lair:2   | XOM: summons 1 hostile demon
 55189 | Lair:2   | Noticed a six-headed hydra
 55214 | Lair:2   | Killed a six-headed hydra
 55274 | Lair:2   | Found a staircase to the Snake Pit.
 55379 | Lair:2   | XOM: summons 1 hostile demon
 55544 | Lair:2   | XOM: give mutations
 55544 | Lair:2   | Gained mutation: You are clumsy. (Dex -2) [Xom's mischief]
 55544 | Lair:2   | Lost mutation: Your muscles are strong. (Str +2) [Xom's mischief]
 55544 | Lair:2   | Lost mutation: One of your tentacles bears a spike. [Xom's mischief]
 55784 | Lair:3   | Reached XP level 13. HP: 48/86 MP: 20/20
 55785 | Lair:3   | XOM: noise
 55838 | Lair:3   | Reached skill level 10 in Evocations
 56250 | Lair:3   | XOM: give mutation
 56250 | Lair:3   | Lost mutation: Scrolls take you a little longer to read. [Xom's mischief]
 56597 | Lair:3   | XOM: summons 1 hostile demon
 56681 | Lair:3   | XOM: summons 2 hostile demons
 56768 | Lair:3   | Learned a level 2 spell: Repel Missiles
 57226 | Lair:4   | Found a staircase to the Shoals.
 57284 | Lair:4   | Noticed Nergalle
 57312 | Lair:4   | XOM: mild Erth miscast
 57373 | Lair:4   | Reached skill level 10 in Dodging
 57556 | Lair:4   | Killed Nergalle
 57556 | Lair:4   | Reached skill level 1 in Charms
 58219 | Lair:5   | Found a shattered altar of Ashenzari.
 58284 | Lair:5   | Reached skill level 1 in Air Magic
 58299 | Lair:5   | Reached skill level 10 in Shields
 58466 | Lair:5   | Noticed Urug
 58477 | Lair:5   | Killed Urug
 59317 | Lair:6   | Entered Level 6 of the Lair of Beasts
 59588 | Lair:5   | XOM: cloud trail
 59642 | Lair:6   | Reached XP level 14. HP: 24/92 MP: 22/22
 59786 | Lair:6   | Reached skill level 11 in Shields
 60131 | Lair:6   | XOM: mild Air miscast
 60178 | Lair:6   | XOM: polymorph polar bear -> fire crab
 61402 | Lair:6   | Reached skill level 5 in Air Magic
 61542 | Lair:6   | Reached skill level 5 in Charms
 61760 | Lair:6   | Reached skill level 12 in Shields
 61923 | Lair:6   | XOM: noise
 62156 | D:11     | Reached XP level 15. HP: 97/97 MP: 24/24
 62756 | D:11     | XOM: give mutations
 62756 | D:11     | Gained mutation: You are weak. (Str -2) [Xom's mischief]
 62756 | D:11     | Lost mutation: You are weak. (Str -2) [Xom's mischief]
 62756 | D:11     | Lost mutation: Your system is resistant to poisons. (rPois) [Xom's mischief]
 63348 | D:11     | XOM: give mutation
 63348 | D:11     | Lost mutation: You are dopey. (Int -2) [Xom's mischief]
 63385 | D:11     | XOM: severe Summ miscast
 63389 | D:11     | Noticed an eldritch tentacle
 63423 | D:11     | Killed an eldritch tentacle
 63507 | D:11     | XOM: summons 14 hostile demons
 63997 | D:12     | XOM: summons 2 hostile shadow creatures
 64273 | D:12     | XOM: medium Fire miscast
 64391 | D:12     | Noticed Snorg
 64403 | D:12     | Killed Snorg
 64499 | D:12     | XOM: give mutations
 64499 | D:12     | Lost mutation: You are clumsy. (Dex -2) [Xom's mischief]
 64499 | D:12     | Gained mutation: You are dopey. (Int -2) [Xom's mischief]
 64499 | D:12     | Was forgiven by Xom
 64738 | D:13     | Learned a level 3 spell: Ozocubu's Armour
 64869 | D:13     | Found an iron altar of Okawaru.
 65259 | D:13     | Learned a level 3 spell: Dazzling Spray
 65264 | D:13     | Learned a level 1 spell: Apportation
 66257 | D:14     | Reached skill level 1 in Spellcasting
 66405 | D:14     | You fall through a shaft!
 66405 | D:15     | Entered Level 15 of the Dungeon
 67560 | D:14     | Found a gate to the Vaults.
 67810 | D:14     | Reached skill level 13 in Shields
 68867 | D:15     | Found a glowing golden altar of the Shining One.
 69119 | D:15     | Reached XP level 16. HP: 99/103 MP: 26/26
 69850 | D:15     | Found a staircase to the Depths.
 71023 | Orc:1    | Bought an uncursed amulet of regeneration for 510 gold pieces
 71094 | Orc:2    | Killed M4edhros's ghost
 71256 | Orc:2    | Found Voutyrac's General Store.
 71520 | Orc:2    | Found Xofyeg's Antique Weapon Shop.
 71522 | Orc:2    | Found Kairon's Book Emporium.
 71537 | Orc:2    | Found a staircase to the Elven Halls.
 71560 | Orc:2    | Found Fix Hivy's Armour Boutique.
 71576 | Orc:2    | Bought a book of Necromancy for 450 gold pieces
 71580 | Orc:2    | Learned a level 3 spell: Regeneration
 72085 | Shoals:1 | Entered Level 1 of the Shoals
 72126 | Shoals:1 | Found Texiwnit's General Store.
 72258 | Shoals:1 | Reached skill level 1 in Necromancy
 72428 | Shoals:1 | Reached skill level 14 in Shields
 73038 | Shoals:2 | Reached skill level 15 in Evocations
 73152 | Shoals:2 | Learned a level 3 spell: Gell's Gravitas
 73176 | Shoals:2 | Reached skill level 5 in Spellcasting
 73197 | Shoals:2 | Found a frozen archway.
 73238 | IceCv    | Entered an ice cave
 74602 | Orc:1    | Bought a +3 lightning rod (14/14) for 1605 gold pieces
 74826 | Shoals:2 | Reached XP level 17. HP: 97/108 MP: 28/28
 75382 | Shoals:2 | Found an iron altar of Okawaru.
 75818 | Shoals:3 | Noticed Polyphemus
 75829 | Shoals:3 | Killed Polyphemus
 76057 | Shoals:3 | Reached skill level 15 in Shields
 76688 | Shoals:3 | Noticed a kraken
 76850 | Shoals:3 | Killed a kraken
 77102 | Shoals:4 | Entered Level 4 of the Shoals
 77124 | Shoals:4 | Noticed dondy's ghost (adept HaHu)
 77882 | Shoals:4 | Reached skill level 5 in Necromancy
 78475 | Shoals:4 | Noticed dricus's ghost (adept MiFi)
 78755 | Shoals:4 | Noticed a kraken
 78822 | Shoals:4 | Killed a kraken
 78958 | Shoals:4 | Got a barnacled rune of Zot
 79143 | Shoals:4 | Noticed Ilsuiw
 79286 | Shoals:4 | Killed dondy's ghost
 79552 | Shoals:4 | Got a fine glass ring
 79615 | Shoals:4 | Killed Ilsuiw
 79640 | Shoals:4 | Reached XP level 18. HP: 104/114 MP: 28/30
 79775 | Shoals:4 | Reached skill level 16 in Shields
 80308 | Shoals:4 | Learned a level 5 spell: Summon Forest
 80811 | Shoals:1 | Identified the ring "Zuwum" {Wiz Str+2} (You took it off a merfolk on level 4 of the Shoals)
 80893 | Snake:1  | Entered Level 1 of the Snake Pit
 80979 | Snake:1  | Reached skill level 1 in Translocations
 81061 | Snake:1  | Reached skill level 1 in Summonings
 81106 | Snake:1  | Learned a level 3 spell: Mephitic Cloud
 81110 | Snake:1  | Learned a level 3 spell: Conjure Flame
 81682 | Snake:2  | Slain by a black mamba

Skill      XL: |  1  2  3  4  5  6  7  8  9 10 11 12 13 14 15 16 17 18 |
---------------+-------------------------------------------------------+-----
Stealth        | 2 3 4 5 6 |  6.5
Evocations     | 4 5 6 7 9 11 12 14 15 | 15.2
Shields        | 1 3 4 5 7 8 9 10 12 13 14 15 16 | 16.3
Dodging        | 4 5 6 7 8 9 10 11 12 | 12.9
Slings         | 3 5 8 10 11 12 | 12.2
Fighting       | 2 4 6 7 |  7.9
Charms         | 3 5 6 |  6.8
Air Magic      | 3 5 6 |  6.0
Spellcasting   | 3 6 8 |  8.3
Necromancy     | 3 6 |  6.5
Translocations | 2 |  2.6
Summonings     | 1 |  1.9
Short Blades   | |  1.0

Action                   |  1- 3 |  4- 6 |  7- 9 | 10-12 | 13-15 | 16-18 || total
-------------------------+-------+-------+-------+-------+-------+-------++-------
Melee: Short sword       |    28 |    10 |    44 |       |       |       ||    82
       Constrict         |    12 |    21 |    35 |    13 |    40 |    50 ||   171
       Tentacles         |     9 |    14 |    42 |    29 |    85 |   161 ||   340
       Flail             |    15 |    63 |    39 |       |       |       ||   117
       Kick              |       |       |    57 |    36 |       |       ||    93
       Dagger            |       |       |   163 |    75 |   241 |   410 ||   889
       Unarmed           |       |       |    14 |       |       |       ||    14
       Spear             |       |       |       |       |     5 |       ||     5
 Fire: Hunting sling     |       |       |     2 |   857 |  1972 |  1796 ||  4627
 Cast: Repel Missiles    |       |       |       |       |     3 |     6 ||     9
       Regeneration      |       |       |       |       |       |    17 ||    17
Invok: Potion Petition   |       |       |       |     1 |       |       ||     1
       Call Merchant     |       |       |       |     2 |       |     5 ||     7
Evoke: Wand              |     1 |     6 |     6 |    23 |    19 |    29 ||    84
       Lamp of fire      |       |       |       |     1 |     2 |     2 ||     5
       Rod               |       |       |       |    10 |    86 |   142 ||   238
       Fan of gales      |       |       |       |       |       |     1 ||     1
  Use: Potion            |       |       |     6 |     4 |     2 |     3 ||    15
       Scroll            |       |       |     1 |    20 |     4 |    19 ||    44
 Stab: Sleeping          |     5 |    10 |    15 |     2 |     3 |     5 ||    40
       Distracted        |       |     1 |     1 |       |       |     4 ||     6
       Confused          |       |       |     1 |     1 |     1 |       ||     3
       Petrified         |       |       |       |     1 |     1 |     1 ||     3
       Petrifying        |       |       |       |     1 |       |     2 ||     3
       Paralysed         |       |       |       |     9 |    11 |     6 ||    26
  Eat: Chunk             |       |     5 |     9 |       |       |       ||    14
       Bread ration      |       |       |     5 |    10 |     2 |     4 ||    21
       Beef jerky        |       |       |     3 |     1 |     3 |     1 ||     8
       Pizza             |       |       |     2 |     1 |     1 |     1 ||     5
       Royal jelly       |       |       |     1 |    10 |     1 |       ||    12
       Meat ration       |       |       |     1 |    10 |     5 |     3 ||    19
       Fruit             |       |       |       |       |     2 |     4 ||     6
Armor: Skin              |    11 |    13 |    69 |     5 |    28 |    53 ||   179
Dodge: Dodged            |    30 |    24 |   129 |   175 |   363 |   636 ||  1357
       Deflected         |       |       |       |       |     2 |    23 ||    25
Block: Shield            |       |    12 |   103 |   209 |   663 |  1091 ||  2078
